 Dungeon Crawl Stone Soup version 0.18-a0-845-gc59c8fa (webtiles) character file.

1162 Proton the Ruffian (level 8, -4/42 HPs)
             Began as a Vine Stalker Monk on Dec 20, 2015.
             Slain by a gnoll sergeant
             ... wielding a +2 spear of venom
              (9 damage)
             ... on level 6 of the Dungeon.
             The game lasted 00:09:59 (4653 turns).

Proton the Ruffian (Vine Stalker Monk)              Turns: 4653, Time: 00:09:59

Health: -4/42      AC:  9    Str: 17    XL:     8   Next: 39%
Magic:  0/9        EV:  7    Int: 10    God:
Gold:   246        SH:  0    Dex: 16    Spells: 0 memorised, 7 levels left

rFire  . . .     SeeInvis .       - Unarmed
rCold  . . .     Gourm    .     n - +0 scale mail (curse)
rNeg   . . .     Faith    .     (no shield)
rPois  .         Spirit   +     u - +1 hat
rElec  .         Dismiss  .     w - +0 cloak
rCorr  .         Reflect  .     (no gloves)
SustAt .         Harm     +     (no boots)
MR     +....                    t - amulet of harm
Stlth  ..........               (no ring)
                                B - ring of loudness (curse)

@: lethally poisoned (-4 -> -28), somewhat resistant to hostile enchantments,
extremely unstealthy
A: fangs 3, regeneration 2, magic shield, antimagic bite, no device heal 3, rot
immunity
a: no special abilities


You were on level 6 of the Dungeon.
You were hungry.

You visited 2 branches of the dungeon, and saw 7 of its levels.

You collected 246 gold pieces.

Inventory:

Armour
 n - a cursed +0 scale mail (worn)
 o - a +0 plate armour
 u - a +1 hat (worn)
 w - a +0 cloak (worn)
Jewellery
 k - an uncursed amulet of regeneration
 t - an amulet of harm (around neck)
 B - a cursed ring of loudness (left hand)
Scrolls
 a - a scroll of immolation {unknown}
 e - 3 scrolls of remove curse {unknown}
 i - 3 scrolls of random uselessness {unknown}
 j - 3 scrolls of magic mapping {unknown}
 l - a scroll of blinking {unknown}
 q - a scroll of noise {unknown}
 v - a scroll of enchant weapon {unknown}
 y - a scroll of teleportation {unknown}
Potions
 c - 2 potions of curing
 f - 4 potions of ambrosia
 g - 2 potions of heal wounds
 m - a potion of brilliance
 s - a potion of haste
Comestibles
 b - 4 bread rations
 d - 2 slices of pizza
 p - 8 fruits
 x - a meat ration
 A - a beef jerky


   Skills:
 + Level 4.6 Fighting
 + Level 3.3 Armour
 + Level 4.1 Dodging
 - Level 2.4 Stealth
 * Level 7.6 Unarmed Combat


You had 7 spell levels left.
You didn't know any spells.

Dungeon Overview and Level Annotations

Branches:
Dungeon (6/15)             Temple (1/1) D:6

Altars:
Ashenzari
Cheibriados
Elyvilon
Fedhas
Kikubaaqudgha
Makhleb
Nemelex Xobeh
Okawaru
Sif Muna
Trog
Xom


Innate Abilities, Weirdness & Mutations

You have razor-sharp teeth.
You heal very quickly.
When hurt, damage is shared between your health and your magic reserves.
Your bite disrupts and absorbs the magic of your enemies.
Potions and wands cannot restore your health.
You are immune to rotting.


Message History

You are too injured to fight recklessly!
You are too injured to fight recklessly!
You hit the gnoll sergeant. Your bite misses the gnoll sergeant.
The gnoll sergeant is moderately wounded.
You feel sick. The gnoll sergeant closely misses you.
You hit the gnoll sergeant.
The gnoll sergeant is heavily wounded.
You feel sick.
The gnoll sergeant hits you with a spear of venom!
* * * LOW HITPOINT WARNING * * *
You are more poisoned.
You closely miss the gnoll sergeant.
The gnoll sergeant is heavily wounded.
* * * LOW HITPOINT WARNING * * *
You feel very sick. The gnoll sergeant misses you.
* * * LOW HITPOINT WARNING * * *
You feel very sick.
The gnoll sergeant hits you with a spear of venom!
You die...

#....#♣♣♣♣♣
#....#
#....#
#...##
#...# #...#
##[..##
#.....#♣♣
#...)@g.♣
#.....#♣.♣
#.....# ..
#.....# ♣♣
#.....#
#.....#
#...###
#...


You could see a gnoll sergeant.

Vanquished Creatures
  An orc warrior (D:5)
  A phantom (D:4)
  A giant frog (D:6)
  3 centaurs
  A water moccasin zombie (D:5)
  2 scorpions
  A wight (D:6)
  A centaur zombie (D:5)
  2 orc priests (D:6)
  An iguana (D:5)
  2 orc wizards
  4 worker ants
  A hound skeleton (D:5)
  A worker ant zombie (D:5)
  11 adders
  2 oozes
  A worm (D:3)
  22 orcs
  5 bats
  14 hobgoblins
  12 jackals
  A quokka (D:3)
  2 ball pythons
  A giant cockroach (D:2)
  2 giant geckos
  A giant gecko skeleton (D:5)
  3 giant newts
  4 goblins
  8 kobolds
  A quokka zombie (D:5)
  7 rats
119 creatures vanquished.

Vanquished Creatures (others)
  An orc (D:4)
1 creature vanquished.

Grand Total: 120 creatures vanquished

Notes
Turn   | Place    | Note
--------------------------------------------------------------
     0 | D:1      | Proton the Vine Stalker Monk began the quest for the Orb.
     0 | D:1      | Reached XP level 1. HP: 11/11 MP: 2/2
   282 | D:1      | Reached XP level 2. HP: 16/16 MP: 3/3
   741 | D:2      | Reached XP level 3. HP: 16/20 MP: 4/4
   923 | D:2      | Found a blossoming altar of Fedhas.
  1067 | D:2      | Reached skill level 1 in Armour
  1373 | D:2      | Reached XP level 4. HP: 24/24 MP: 5/5
  1478 | D:2      | Found a sparkling altar of Nemelex Xobeh.
  1938 | D:3      | Reached skill level 5 in Unarmed Combat
  2075 | D:3      | Noticed a centaur
  2094 | D:3      | Killed a centaur
  2094 | D:3      | Reached XP level 5. HP: 16/28 MP: 3/6
  2662 | D:4      | Gained mutation: You heal very quickly. [Vine Stalker growth]
  2662 | D:4      | Reached XP level 6. HP: 28/32 MP: 5/7
  2888 | D:4      | Found a shattered altar of Ashenzari.
  3180 | D:4      | Reached skill level 6 in Unarmed Combat
  3323 | D:4      | Found a bloodstained altar of Trog.
  3387 | D:5      | Entered Level 5 of the Dungeon
  3404 | D:5      | Reached XP level 7. HP: 35/37 MP: 8/8
  3784 | D:5      | Found a deep blue altar of Sif Muna.
  3833 | D:6      | Found a staircase to the Ecumenical Temple.
  4138 | D:6      | Reached skill level 7 in Unarmed Combat
  4151 | Temple   | Entered the Ecumenical Temple
  4396 | D:6      | Gained mutation: You have razor-sharp teeth. [Vine Stalker growth]
  4396 | D:6      | Reached XP level 8. HP: 42/42 MP: 9/9
  4653 | D:6      | Slain by a gnoll sergeant

Vault maps used:
D:1:      minmay_arrival_five_plusses
D:2:      nicolae_overflow_crystal_walls, nemelex_diamond_rough_becter
D:3:      serial_glass, glass_columns_b, glass_columns_b, item_on_display_a,
          item_on_display_a, item_on_display_a
D:4:      cheibrodos_ashenzari_chains, first_bread, minmay_misc_feat_roman,
          trog_book
D:5:      kennysheep_little_box, minmay_misc_feat_x
D:6:      forest_paths, nicolae_overflow_hidden_temple,
          nicolae_ru_the_path_less_chosen, gammafunk_temple_overflow_pools,
          grunt_qazlal_clouds, overflow_temple_1_default, uniq_eustachio
Temple:   temple_island_7

Action                   |  1- 3 |  4- 6 |  7- 9 || total
-------------------------+-------+-------+-------++-------
Melee: Unarmed           |   114 |   191 |   163 ||   468
  Use: Scroll            |       |       |     7 ||     7
  Eat: Meat ration       |     1 |     1 |       ||     2
       Pizza             |       |       |     1 ||     1
